 Dungeon Crawl Stone Soup version 0.31.0-9-g3a7656b989 (webtiles) character file.

Game seed: 14662125007372362698

53 qw the Shooter (level 3, -1/18 HPs)
             Began as a Spriggan Hunter on Feb 2, 2024.
             Slain by a goblin
             ... wielding a +0 club
              (3 damage)
             ... on level 2 of the Dungeon.
             The game lasted 00:00:03 (527 turns).

qw the Shooter (Spriggan Hunter)                     Turns: 527, Time: 00:00:03

Health: -1/18      AC:  3    Str:  7    XL:     3   Next: 64%
Magic:  4/4        EV: 19    Int: 10    God:
Gold:   82         SH:  0    Dex: 20    Spells: 2/2 levels left

rFire   . . .        a - +0 shortbow
rCold   . . .        (shield currently unavailable)
rNeg    . . .        c - +0 robe
rPois   .            (helmet restricted)
rElec   .            l - +0 cloak
rCorr   +            (gloves unavailable)
SInv    +            (boots unavailable)
Will    .....        (no amulet)
Stlth   ++           e - ring of resist corrosion
HPRegen 0.23/turn    (no ring)
MPRegen 0.09/turn

%: no passive effects
@: about to teleport, very quick
A: very small, no large weapons, unfitting armour, see invisible, speed 3
a: no special abilities


You were on level 2 of the Dungeon.
You visited 1 branch of the dungeon, and saw 2 of its levels.

You collected 82 gold pieces.


Innate Abilities, Weirdness & Mutations

You are very small and have problems with some larger weapons.
You are too small for most types of armour.
You have supernaturally acute eyesight. (SInv)
You cover ground extremely quickly. (Speed+++)


   Skills:
 - Level 1.5 Fighting
 + Level 4.9 Ranged Weapons
 - Level 4.0 Dodging
 - Level 1.5 Stealth


You had 2 spell levels left.
You didn't know any spells.
Your spell library was empty.

Inventory:

Hand Weapons
 a - a +0 shortbow (weapon)
Armour
 c - a +0 robe (worn)
 l - a +0 cloak (worn)
Jewellery
 e - a ring of resist corrosion (left hand)
Scrolls
 d - a scroll of noise {unknown}
Potions
 b - a potion of enlightenment {unknown}
 f - 2 potions of haste {unknown}
 i - a potion of mutation {unknown}

Dungeon Overview and Level Annotations

Branches:
Dungeon (2/15)

Altars:

Annotations:
D:2 Terence


Message History

You shoot an arrow.
The arrow hits the bat but does no damage.
You shoot an arrow. The arrow hits the bat.
You kill the bat!
d - a scroll labelled NUIGYN NAFOW Terence, an endoplasm and a goblin come into view.
Terence is wielding a +0 falchion and carrying a wand of flame.
The endoplasm quivers.
You shoot an arrow. The arrow hits Terence.
Terence shouts!
Terence is lightly wounded.
You shoot an arrow. The goblin shouts!
The arrow hits Terence.
Terence is moderately wounded.
You shoot an arrow. The arrow hits Terence.
Terence is heavily wounded.
You shoot an arrow.
The arrow hits Terence but does no damage.
Terence is heavily wounded.
You shoot an arrow. The arrow hits Terence!
Terence is severely wounded.
You shoot an arrow. The arrow barely misses Terence.
The endoplasm closely misses you. Terence hits you with a +0 falchion!
You shoot an arrow. The arrow barely misses Terence.
The endoplasm freezes you.
You are frozen.
Terence misses you.
Terence zaps a wand.
The puff of flame hits you.
The endoplasm hits you but does no damage.
The goblin closely misses you.
526 ||| READING scroll of teleportation.
As you read the scroll of teleportation, it crumbles to dust.
You feel strangely unstable. The endoplasm misses you.
Terence says, "Did you write a will?
You should..."
Terence barely misses you. The goblin barely misses you.
You shoot an arrow. The arrow hits Terence.
Terence is almost dead.
The endoplasm closely misses you. The goblin hits you with a +0 club.
You die...

................#
#...............#
#...............#
#...............#
................#
###..............####
.....###.............
....%......#..g......
.........###.@J......
....>...## #..@......
........# ######....
........# ###
........# #########


You could see Terence, an endoplasm and a goblin.

Vanquished Creatures
  An adder (D:2)
  A dart slug (D:1)
  6 ball pythons
  3 endoplasms (D:1)
  3 goblins
  2 hobgoblins
  2 jackals (D:2)
  4 quokkas (D:1)
  7 bats
  2 frilled lizards (D:1)
  5 kobolds (D:1)
  4 rats
40 creatures vanquished.

Notes
Turn   | Place    | Note
-------+----------+-------------------------------------------
     0 | D:1      | qw the Spriggan Hunter began the quest for the Orb.
     0 | D:1      | Reached XP level 1. HP: 10/10 MP: 2/2
     0 | D:1      | 0 ||| qw: Version: 0.3-a-155-g5e7d8dd
     0 | D:1      | 0 ||| qw: Game counter: 676
     0 | D:1      | 0 ||| qw: Melee chars always use a shield: true
     0 | D:1      | 0 ||| qw: God list: Okawaru
     0 | D:1      | 0 ||| qw: Allow faded altars: false
     0 | D:1      | 0 ||| qw: Do Orc after clearing Dungeon:15 true
     0 | D:1      | 0 ||| qw: Do second Lair branch before Depths: true
     0 | D:1      | 0 ||| qw: Lair rune preference: random
     0 | D:1      | 0 ||| qw: Goals: Normal
     0 | D:1      | 0 ||| PLANNING D:1-11
    14 | D:1      | Reached skill level 3 in Dodging
    42 | D:1      | Reached XP level 2. HP: 14/14 MP: 3/3
   159 | D:1      | Found a faded altar of an unknown god.
   172 | D:1      | Reached XP level 3. HP: 18/18 MP: 4/4
   330 | D:1      | 330 ||| UPGRADING to +0 cloak.
   335 | D:1      | 335 ||| UPGRADING to ring of resist corrosion.
   336 | D:1      | 336 ||| READING scroll labelled YTTAESTESOL.
   337 | D:1      | 337 ||| READING 2 scrolls labelled ZYOHUAC PEUCIL.
   340 | D:1      | 340 ||| READING scroll labelled ALU CAUSTALEQE.
   341 | D:1      | 341 ||| READING scroll labelled ODIRELENKOA.
   342 | D:1      | 342 ||| READING scroll labelled VYGOLE TARY.
   343 | D:1      | 343 ||| DROPPING scroll of butterflies.
   518 | D:2      | Noticed Terence
   525 | D:2      | HP: 2/18 [Terence/puff of flame (6)]
   526 | D:2      | 526 ||| READING scroll of teleportation.
   527 | D:2      | Slain by a goblin

Levels and vault maps discovered:
D:1:      roderic_dead_forest, layout_rooms, chequers_ecumenical_altar_twisty
D:2:      layout_basic, uniq_jessica, uniq_terence

Skill      XL: |  1  2 |
---------------+-------+-----
Dodging        | 3 4 |  4.0
Fighting       | |  1.5
Ranged Weapons | |  4.9
Stealth        | |  1.5

Action                     || total
---------------------------++-------
   Fire: Shortbow          ||   107
    Use: Scroll            ||     6
 Armour: Robe              ||    15
  Dodge: Dodged            ||    53

Table legend:
 A = Non-vault XP
 B = Vault XP
 C = Vault XP percentage of total XP
 D = Non-vault monster count
 E = Vault monster count
 F = Vault count percentage of total count
                 A         B        C        D         E       F
            +---------+---------+-------+---------+---------+-------
      Total |      77 |       0 |   0.0 |      40 |       0 |   0.0
            +---------+---------+-------+---------+---------+-------
        D:1 |      47 |       0 |   0.0 |      29 |       0 |   0.0
        D:2 |      30 |       0 |   0.0 |      11 |       0 |   0.0
            +---------+---------+-------+---------+---------+-------
